Map: Port Aleksander LE

Players

Reynor - Winner!

  • Race: Zerg Zerg
  • League: Master
  • Spawn Location: 11:00

Lambo

  • Race: Zerg Zerg
  • League: Master
  • Spawn Location: 5:00

Event: 2019 WCS Winter Europe

VOD

Have the link to the VOD?

Description

Time

  • Played on: March 23, 2019, 11:49 a.m.
  • Length: 10:06

All games in this series

Show
View Real Time Build Order
Export as new Build Order

Reynor Zerg - Winner!

Build Orders: Hatch First, Lurkers, Muta Ling Bane 

Get SALT Encoding   

  12  0:00  Drone  
  13  0:12  Overlord  
  13  0:18  Drone  
  14  0:31  Drone x2  
  14  0:34  Drone  
  17  0:52  Hatchery  
  17  0:56  Drone  
  17  0:59  Drone  
  18  1:10  Extractor  
  17  1:15  Spawning Pool  
  16  1:18  Drone  
  16  1:21  Drone  
  18  1:28  Drone  
  19  1:38  Drone  
  20  1:49  Drone  
  21  2:00  Overlord  
  21  2:04  Queen x2, Drone  
  26  2:11  Drone  
  26  2:14  Drone  
  29  2:22  Drone  
  29  2:26  Drone  
  30  2:32  Drone  
  32  2:37  Drone  
  32  2:42  Lair  
  32  2:43  Overlord  
  32  2:44  Queen  
  32  2:47  Drone  
  32  2:51  Evolution Chamber  
  34  2:54  Drone  
  35  2:59  Drone  
  35  3:00  Roach Warren  
  35  3:05  Drone  
  36  3:10  Drone  
  36  3:11  Drone x3  
  40  3:16  Zerg Melee Weapons Level 1  
  40  3:17  Drone  
  40  3:19  Extractor  
  40  3:21  Extractor  
  40  3:25  Evolution Chamber  
  40  3:26  Drone  
  39  3:27  Extractor, Drone  
  39  3:31  Overlord  
  39  3:35  Drone x2  
  39  3:39  Metabolic Boost  
  41  3:42  Drone  
  41  3:45  Drone x2  
  44  3:49  Drone  
  45  3:56  Drone x3  
  48  4:03  Spire  
  49  4:10  Drone x3  
  49  4:14  Overlord  
  50  4:20  Drone  
  50  4:23  Glial Reconstitution  
  51  4:34  Zergling x16  
  59  4:39  Overlord  
  59  4:45  Zergling x2  
  60  4:47  Overlord  
  60  5:05  Overlord  
  60  5:12  Hatchery  
  60  5:13  Overlord  
  59  5:15  Mutalisk  
  59  5:16  Mutalisk x4  
  69  5:24  Overlord  
  69  5:25  Mutalisk  
  70  5:30  Mutalisk x2  
  70  5:33  Mutalisk  
  76  5:39  Zergling x8  
  76  5:41  Zergling x2  
  81  5:45  Mutalisk  
  83  5:53  Overlord  
  83  5:54  Zerg Flyer Weapons Level 1  
  83  5:57  Zergling x2  
  83  6:01  Mutalisk  
  83  6:04  Zergling x8  
  90  6:06  Overlord  
  90  6:11  Drone  
  90  6:13  Mutalisk  
  90  6:18  Drone  
  94  6:29  Zerg Melee Weapons Level 2  
  94  6:31  Drone x4  
  94  6:32  Drone  
  99  6:33  Drone  
  99  6:35  Mutalisk  
  99  6:39  Zergling x2  
  103  6:42  Drone  
  102  6:52  Mutalisk  
  102  6:53  Zergling x6, Baneling Nest  
  102  6:54  Zergling x2  
  100  6:58  Mutalisk  
  100  6:59  Drone  
  96  7:02  Extractor  
  96  7:03  Extractor  
  96  7:06  Drone x3  
  96  7:07  Overlord  
  97  7:09  Mutalisk  
  97  7:12  Drone x2  
  97  7:13  Drone x2  
  103  7:16  Zergling x2  
  104  7:24  Zergling x4  
  104  7:28  Mutalisk x2  
  110  7:31  Zergling x12  
  110  7:34  Overlord x2  
  110  7:37  Drone  
  117  7:39  Hydralisk Den  
  117  7:42  Drone  
  117  7:44  Overseer  
  117  7:48  Overlord, Drone  
  118  7:55  Zergling x2  
  118  7:57  Centrifical Hooks, Drone x4  
  123  7:59  Drone x2  
  123  8:00  Drone  
  123  8:03  Overlord  
  126  8:10  Lurker Den  
  125  8:14  Zergling x10  
  125  8:15  Zergling x2  
  131  8:23  Hatchery  
  131  8:27  Zergling x10  
  131  8:33  Overlord  
  135  8:41  Hydralisk x4  
  135  8:43  Overlord  
  143  8:51  Overlord  
  143  8:54  Zergling x4  
  145  9:00  Queen  
  147  9:05  Baneling x17  
  147  9:06  Zergling x2  
  141  9:16  Zergling x18  
  145  9:18  Baneling  
  145  9:24  Overlord  
  145  9:26  Overlord  
  144  9:37  Zergling x12  
  135  9:40  Lurker x2  
  135  9:41  Lurker x2  
  135  9:42  Zergling x4  
  135  9:43  Overlord  
  135  9:45  Zergling x8  
Show
View Real Time Build Order
Export as new Build Order

Lambo Zerg 

Build Orders: Hatch First, Roach Hydra 

Get SALT Encoding   

  12  0:00  Drone  
  13  0:12  Overlord  
  13  0:19  Drone  
  14  0:31  Drone x2  
  16  0:49  Hatchery  
  15  0:52  Drone  
  15  0:56  Drone  
  17  1:00  Drone  
  18  1:10  Extractor  
  17  1:15  Spawning Pool  
  16  1:18  Drone  
  16  1:21  Drone  
  18  1:28  Drone  
  19  1:39  Drone  
  20  1:49  Drone  
  21  2:02  Queen x2  
  21  2:03  Overlord, Drone  
  26  2:11  Drone  
  26  2:14  Drone  
  28  2:22  Drone  
  29  2:25  Zergling x2  
  30  2:36  Hatchery  
  29  2:37  Drone  
  29  2:43  Drone  
  31  2:46  Drone  
  31  2:50  Overlord  
  32  2:58  Drone x2  
  34  3:02  Evolution Chamber  
  33  3:05  Drone  
  33  3:06  Roach Warren  
  33  3:08  Drone  
  33  3:10  Drone  
  35  3:14  Drone  
  35  3:15  Drone x2  
  35  3:16  Drone  
  35  3:18  Drone  
  40  3:22  Queen  
  40  3:26  Drone  
  43  3:30  Zerg Missile Weapons Level 1  
  43  3:34  Overlord  
  43  3:36  Drone  
  43  3:38  Extractor  
  43  3:39  Extractor  
  42  3:42  Lair  
  42  3:45  Drone  
  42  3:46  Drone  
  44  3:48  Drone  
  44  3:50  Drone  
  44  3:51  Drone  
  44  3:53  Drone  
  44  3:55  Drone  
  49  3:56  Drone  
  49  3:58  Drone  
  49  4:02  Drone  
  52  4:04  Drone  
  52  4:05  Drone  
  52  4:06  Overlord  
  54  4:15  Drone x3  
  54  4:16  Drone  
  58  4:20  Overlord  
  58  4:22  Overlord  
  58  4:26  Overlord  
  58  4:28  Drone x2  
  59  4:32  Overlord  
  59  4:35  Overlord  
  59  4:36  Roach  
  61  4:39  Roach  
  61  4:41  Glial Reconstitution  
  61  4:42  Overseer  
  61  4:43  Roach x2  
  67  4:47  Roach  
  67  4:48  Roach  
  67  4:50  Roach  
  67  4:51  Extractor  
  72  4:53  Roach  
  72  4:58  Roach x3  
  80  5:03  Roach x3  
  86  5:07  Evolution Chamber  
  86  5:08  Roach  
  87  5:15  Roach x3  
  93  5:21  Ravager  
  93  5:25  Drone x3  
  93  5:28  Overlord  
  97  5:29  Queen  
  97  5:30  Spore Crawler  
  97  5:31  Spore Crawler  
  97  5:33  Spore Crawler, Drone  
  97  5:39  Spore Crawler  
  97  5:40  Drone x2  
  98  5:43  Overlord, Extractor  
  98  5:47  Queen  
  101  5:52  Spore Crawler  
  101  5:54  Overlord  
  100  5:58  Overlord  
  100  6:02  Hydralisk Den, Zerg Ground Armor Level 1  
  100  6:04  Drone  
  100  6:07  Spore Crawler  
  100  6:10  Extractor  
  96  6:12  Drone x3  
  96  6:13  Infestation Pit, Drone x2  
  96  6:16  Spore Crawler, Drone  
  100  6:20  Spore Crawler  
  100  6:22  Drone  
  100  6:28  Spore Crawler  
  100  6:31  Drone x4  
  102  6:34  Muscular Augments  
  102  6:35  Drone  
  102  6:37  Drone  
  104  6:44  Spore Crawler  
  103  6:48  Drone x3  
  103  6:49  Drone x2  
  99  7:07  Infestor  
  99  7:08  Infestor x2  
  105  7:12  Overlord  
  105  7:15  Overlord  
  105  7:17  Overlord  
  105  7:21  Overlord  
  103  7:23  Overlord  
  103  7:24  Drone  
  103  7:25  Drone x3  
  106  7:30  Queen  
  106  7:32  Extractor  
  106  7:33  Drone x3  
  106  7:37  Spore Crawler  
  109  7:38  Hydralisk x4  
  109  7:42  Drone x4  
  121  7:48  Grooved Spines  
  121  7:50  Hydralisk x2  
  125  7:56  Hydralisk x2  
  129  8:04  Hydralisk  
  129  8:05  Hydralisk x3  
  137  8:10  Hydralisk x2  
  141  8:13  Overlord, Overseer  
  141  8:23  Roach x2  
  141  8:24  Overlord  
  145  8:32  Spine Crawler  
  145  8:33  Overlord  
  145  8:34  Hydralisk x4  
  143  8:38  Roach  
  153  8:42  Roach x3  
  159  8:49  Roach  
  161  8:57  Roach x2  
  161  8:58  Roach x2  
  169  9:06  Roach  
  165  9:14  Roach x3  
  166  9:26  Overlord  
  166  9:29  Overseer  
  166  9:35  Hydralisk x8  
  166  9:36  Hydralisk x3, Roach  
Tags
 
Add a new tag
Caveats
  • Supply blocks, unpowered buildings, or Contaminate may cause inaccurate times.
  • Supply counts are checked every 10 seconds.